 Dungeon Crawl Stone Soup version 0.17.2-1-ge4368a0 (webtiles) character file.

188 Goblin1989 the Sneak (level 6, -1/35 HPs)
             Began as a Kobold Earth Elementalist on Jan 7, 2017.
             Slain by a worker ant (7 damage)
             ... on level 5 of the Dungeon.
             The game lasted 00:11:02 (838 turns).

Goblin1989 the Sneak (Kobold Earth Elementalist)     Turns: 838, Time: 00:11:02

Health: -1/35      AC:  2    Str:  7    XL:     6   Next: 0%
Magic:  9/9        EV: 17    Int: 13    God:
Gold:   118        SH:  0    Dex: 18    Spells: 1 memorised, 8 levels left

rFire  . . .     SeeInvis .     b - 64 stones
rCold  . . .     Clarity  +     g - +0 robe
rNeg   . . .     SustAt   .     (shield restricted)
rPois  .         Gourm    .     (no helmet)
rElec  .         Spirit   .     (no cloak)
rCorr  .         Warding  .     (no gloves)
rMut   .         Stasis   .     (no boots)
MR     .....                    l - amulet of clarity
Stlth  +++.......               (no ring)
                                (no ring)

@: lethally poisoned (-1 -> -6), not resistant to hostile enchantments, fairly
stealthy
A: carnivore 3
a: no special abilities


You were on level 5 of the Dungeon.
You were full.

You visited 1 branch of the dungeon, and saw 5 of its levels.

You collected 118 gold pieces.

Inventory:

Hand Weapons
 a - a +0 dagger
 j - a +2 falchion of draining
 p - a +0 rapier
Missiles
 b - 64 stones (in hand)
Armour
 g - a +0 robe (worn)
Jewellery
 l - an amulet of clarity (around neck)
Wands
 C - a wand of confusion (9)
Scrolls
 h - a scroll of remove curse {unknown}
 i - a scroll of teleportation {unknown}
 k - a scroll of amnesia {unknown}
 m - 2 scrolls of noise {unknown}
 n - 3 scrolls of immolation {unknown}
 o - a scroll of random uselessness {unknown}
Potions
 e - a potion of heal wounds {unknown}
 f - 2 potions of cure mutation {unknown}
Books
 c - a book of Geomancy

   Spells                             Type                      Level
   a - Sandblast                      Earth                        1
   b - Stoneskin                      Transmutation/Earth          2
   c - Passwall                       Transmutation/Earth          3
   d - Stone Arrow                    Conjuration/Earth            3
   e - Petrify                        Transmutation/Earth          4
   f - Lee's Rapid Deconstruction     Earth                        5
Comestibles
 d - a meat ration {@e2}


   Skills:
 + Level 2.2 Fighting
 * Level 4.0 Short Blades
 + Level 3.8 Dodging
 + Level 4.4 Stealth
 - Level 2.0 Spellcasting
   Level 0.8 Transmutations
 - Level 3.0 Earth Magic


You had 8 spell levels left.
You knew the following spells:

 Your Spells              Type           Power        Failure   Level  Hunger
a - Sandblast             Erth           #.....       10%         1    ##.....


Dungeon Overview and Level Annotations

Branches:
Dungeon (5/15)
 Temple: D:4-7

Altars:
Xom


Innate Abilities, Weirdness & Mutations

You are small and have problems with some larger weapons.
You are carnivorous and can eat meat at any time.


Message History

The worker ant twitches its antennae in your direction.
The worker ant bites you.
You are poisoned.
The worker ant poisons you! The worker ant bites you.
* * * LOW HITPOINT WARNING * * *
The jackal barks! x2
The jackal completely misses you.
The iguana hisses angrily.
There is a stone staircase leading down, spattered with blood here.
You take 8 damage, and have 11/35 hp.
MASSIVE DAMAGE!!
You feel sick. The worker ant barely misses you. The jackal bites you.
* * * LOW HITPOINT WARNING * * *
You climb downwards.
* * * LOW HITPOINT WARNING * * *
You feel sick.
There is a stone staircase leading up here.
You take 4 damage, and have 7/35 hp.
* * * LOW HITPOINT WARNING * * *
You feel sick. The worker ant bites you!
You die...

█.......██
█.........
█....... █
█.█...███.█
█.█..)....██
█....>....[.
█.█.██.█....
█.█ha....█ █
█.█@██.███
█.█........
█.███....█.
█......█.█
█.████.█ .. .
█......█ ...
████.████....█
█.....<.......
█.██.█......██


You could see a worker ant and a jackal.

Vanquished Creatures
  A deep elf mage (D:5)
  2 adders
  A worm (D:4)
  2 giant geckos
  3 orcs (D:3)
  3 hobgoblins
  3 jackals (D:2)
  2 bats
  A giant newt (D:1)
  2 goblins
  A kobold (D:3)
  2 rats (D:2)
23 creatures vanquished.

Notes
Turn   | Place    | Note
--------------------------------------------------------------
     0 | D:1      | Goblin1989 the Kobold Earth Elementalist began the quest for the Orb.
     0 | D:1      | Reached XP level 1. HP: 10/10 MP: 3/3
   205 | D:2      | Reached skill level 1 in Fighting
   205 | D:2      | Reached XP level 2. HP: 12/16 MP: 0/5
   309 | D:2      | Reached skill level 1 in Short Blades
   338 | D:2      | Reached XP level 3. HP: 20/20 MP: 0/6
   577 | D:4      | Found a shimmering altar of Xom.
   759 | D:5      | Entered Level 5 of the Dungeon
   769 | D:5      | Noticed a deep elf mage
   777 | D:5      | Killed a deep elf mage
   777 | D:5      | Reached skill level 4 in Short Blades
   777 | D:5      | Reached XP level 4. HP: 8/26 MP: 0/7
   777 | D:5      | Reached XP level 5. HP: 9/30 MP: 0/8
   777 | D:5      | Reached XP level 6. HP: 10/35 MP: 0/9
   778 | D:5      | Goblin1989: @&&deep elf mage
   778 | D:5      | Goblin1989: @??deep elf mage
   838 | D:5      | Slain by a worker ant

Action                   |  1- 3 |  4- 6 || total
-------------------------+-------+-------++-------
Melee: Unarmed           |     4 |       ||     4
       Dagger            |    23 |       ||    23
 Cast: Sandblast         |    31 |     1 ||    32
 Stab: Sleeping          |     5 |       ||     5
  Eat: Chunk             |     6 |       ||     6

Vault maps used:
D:1:      roderic_octagonal_star, dk_noncrumbling_2
D:2:      first_bread, nicolae_ru_great_annihilating_truth
D:3:      uniq_jessica
D:4:      vehumet_altar_wand_db, kennysheep_mini_moat,
          minmay_temple_entry_from_below_b, st_stairs_4
D:5:      kennysheep_six_static_rooms
